 Dungeon Crawl Stone Soup version 0.23-a0-650-ga4d50d4 (webtiles) character file.

112 Amnesiac the Ducker (level 4, -1/24 HPs)
             Began as a Spriggan Berserker on Jan 2, 2019.
             Was a Believer of Trog.
             Killed from afar by an orc wizard (7 damage)
             ... with a magic dart
             ... on level 4 of the Dungeon.
             The game lasted 00:01:56 (2079 turns).

Amnesiac the Ducker (Spriggan Berserker)            Turns: 2079, Time: 00:01:57

Health: -1/24      AC:  2    Str: 14    XL:     4   Next: 64%
Magic:  5/5        EV: 20    Int:  8    God:    Trog [**....]
Gold:   110        SH:  0    Dex: 15    Spells: 3/3 levels left

rFire    . . .     SeeInvis +   a - +2 dagger (venom)
rCold    . . .     Gourm    .   (shield restricted)
rNeg     . . .     Faith    .   b - +0 animal skin
rPois    .         Spirit   .   (helmet restricted)
rElec    .         Reflect  .   (no cloak)
rCorr    .         Harm     .   (gloves unavailable)
MR       .....                  (boots unavailable)
Stlth    ++........             (no amulet)
HPRegen  0.08/turn              (no ring)
MPRegen  0.09/turn              (no ring)

@: very quick
A: very small, unfitting armour, see invisible, herbivore, speed 3, slow
metabolism 2
a: Berserk, Trog's Hand, Renounce Religion


You were on level 4 of the Dungeon.
You worshipped Trog.
Trog was pleased with you.
You were not hungry.

You visited 1 branch of the dungeon, and saw 4 of its levels.

You collected 110 gold pieces.

Inventory:

Hand Weapons
 a - a +2 dagger of venom (weapon)
Missiles
 e - 20 poisoned needles
 f - 3 curare-tipped needles
 q - 5 tomahawks of returning (quivered)
Armour
 b - a +0 animal skin (worn)
Scrolls
 d - 3 scrolls of identify {!r, unknown}
 g - a scroll of magic mapping {!r, unknown}
 j - a scroll of enchant weapon {!r, unknown}
 l - a scroll of remove curse {!r, unknown}
 m - 2 scrolls of fog {!r, unknown}
Potions
 h - a potion of mutation {!q, unknown}
 i - a potion of curing {!q, unknown}
 k - a potion of agility {!q, unknown}
 n - a potion of experience {!q, unknown}
 o - a potion of degeneration {!q, unknown}
 p - a potion of might {!q, unknown}
 r - 2 potions of haste {!q, unknown}
Comestibles
 c - 6 rations


   Skills:
 + Level 3.0 Fighting
 * Level 4.5 Short Blades
 + Level 5.3 Dodging
 + Level 2.8 Stealth


You had 3 spell levels left.
You didn't know any spells.
Your spell library was empty.

Dungeon Overview and Level Annotations

Branches:
Dungeon (4/15)
 Temple: D:4-7

Altars:
Cheibriados


Innate Abilities, Weirdness & Mutations

You are very small and have problems with some larger weapons.
You are too small for most types of armour.
You have supernaturally acute eyesight. (SInv)
You are a herbivore.
You cover ground extremely quickly.
You need to consume almost no food.


Message History

Done exploring.
No target in view!
Done exploring.
No target in view!
You see here a leopard gecko corpse.
There is a stone staircase leading down here.
You climb downwards.
There is a stone staircase leading up here.
Found a stone staircase leading up.
No target in view!
Found a pair of boots.
c - 6 rations (gained 1) No target in view!
Found 21 bolts.
No target in view!
Found 24 sling bullets.
No target in view! 2 orcs and an orc wizard come into view.
Found a ring mail.
The orc shouts!
The orc wizard shouts!
You hear a shout!
There are monsters nearby!
An orc comes into view.
An orc comes into view. It is wielding a +0 short sword.
There are monsters nearby!
You swing at nothing.
You swing at nothing.
The orc wizard points at you and mumbles some strange words.
The puff of flame misses you.
The orc shouts!
You swing at nothing.
You swing at nothing.
The orc shouts!
The orc wizard gestures at you while chanting.
You are confused.
You're too confused to move!
You bump into the rock wall.
The orc wizard points at you and mumbles some strange words.
The magic dart hits you!
You hit the orc wizard but do no damage.
The orc wizard is poisoned.
The orc wizard completely misses you.
You bump into the rock wall.
The orc wizard barely misses you.
You miss the orc wizard.
The orc wizard gestures at you while chanting.
You are more confused.
You bump into the rock wall.
The orc wizard hits you with a +0 dagger.
You bump into the rock wall.
The orc wizard misses you.
You bump into the rock wall.
You're too confused to move!
The orc wizard hits you with a +0 dagger.
* * * LOW HITPOINT WARNING * * *
You miss the orc wizard.
The orc wizard is heavily wounded.
The orc wizard completely misses you.
You hit the orc wizard.
The orc wizard is heavily wounded.
You're too confused to move!
You feel less confused. The orc wizard casts a spell at you.
The magic dart hits you!
* * * LOW HITPOINT WARNING * * *
The orc wizard gestures at you while chanting.
The magic dart hits you!
You die...

..... ... #
#.#####.#
#.<.....#
###.....#
########...###....
#........### #.
#.......##
#[.....@#
#...<..o######.###
#......oo.oo.....#
#.......####...#..
#.......# ###
#.(.....#
#........
##......(
#...[....


You could see an orc wizard and 2 orcs.

Vanquished Creatures
  6 adders
  A worm (D:2)
  2 dart slugs (D:1)
  3 leopard geckos
  An orc (D:3)
  3 giant cockroaches
  6 goblins
  2 hobgoblins
  3 jackals (D:1)
  2 quokkas (D:2)
  A ball python (D:2)
  6 bats
  4 frilled lizards
  3 kobolds
  8 rats
51 creatures vanquished.

Notes
Turn   | Place    | Note
-------+----------+-------------------------------------------
     0 | D:1      | Amnesiac the Spriggan Berserker began the quest for the
                  | Orb.
     0 | D:1      | Reached XP level 1. HP: 11/11 MP: 2/2
    91 | D:1      | Reached skill level 1 in Stealth
    92 | D:1      | Reached XP level 2. HP: 16/16 MP: 3/3
   525 | D:1      | Reached ** piety under Trog
   596 | D:2      | Reached XP level 3. HP: 19/19 MP: 4/4
   864 | D:2      | Reached skill level 5 in Dodging
  1150 | D:2      | Reached XP level 4. HP: 16/23 MP: 5/5
  1668 | D:3      | Found a snail-covered altar of Cheibriados.
  2079 | D:4      | Killed from afar by an orc wizard

Vault maps used:
D:1:      shiori_arrival_maze
D:2:      first_ration
D:3:      cheibriados_altar_1
D:4:      fedhas_altar_2, uniq_robin, uniq_grinder

Skill      XL: |  1  2  3  4 |
---------------+-------------+-----
Stealth        | 1 2 |  2.8
Short Blades   | 4 |  4.5
Dodging        | 5 |  5.3
Fighting       | 3 |  3.0

Action                   |  1- 3 |  4- 6 || total
-------------------------+-------+-------++-------
Melee: Short sword       |    21 |       ||    21
       Dagger            |    77 |    40 ||   117
Invok: Berserk           |     1 |       ||     1
 Stab: Sleeping          |     8 |     1 ||     9
Armor: Animal skin       |     4 |     2 ||     6
Dodge: Dodged            |    68 |    29 ||    97

Table legend:
 A = Non-vault XP
 B = Vault XP
 C = Vault XP percentage of total XP
 D = Non-vault monster count
 E = Vault monster count
 F = Vault count percentage of total count
                 A         B        C        D         E       F
            +---------+---------+-------+---------+---------+-------
      Total |     158 |       3 |   1.9 |      49 |       2 |   3.9
            +---------+---------+-------+---------+---------+-------
        D:1 |      32 |       3 |   8.6 |      17 |       2 |  10.5
        D:2 |      81 |       0 |   0.0 |      20 |       0 |   0.0
        D:3 |      45 |       0 |   0.0 |      12 |       0 |   0.0
            +---------+---------+-------+---------+---------+-------
